 Dungeon Crawl Stone Soup version 0.22-a0-284-g99d1f74 (webtiles) character file.

5800 GizzardofKazz the Fencer (level 10, 0/77 HPs)
             Began as a Minotaur Berserker on Mar 21, 2018.
             Was an Elder of Trog.
             Succumbed to a death knight's poison
             ... on level 8 of the Dungeon.
             The game lasted 00:20:40 (7563 turns).

GizzardofKazz the Fencer (Minotaur Berserker)       Turns: 7563, Time: 00:20:40

Health: 0/77       AC:  8    Str: 22    XL:     10   Next: 50%
Magic:  9/9        EV:  8    Int:  4    God:    Trog [****..]
Gold:   333        SH:  0    Dex: 13    Spells: 9/9 levels left

rFire    . . .     SeeInvis .   u - +4 falchion (slice)
rCold    . . .     Gourm    .   (no shield)
rNeg     . . .     Faith    .   A - +0 chain mail
rPois    .         Spirit   .   (helmet restricted)
rElec    .         Reflect  .   (no cloak)
rCorr    .         Harm     .   (no gloves)
MR       .....                  (no boots)
Stlth    ..........             (no amulet)
HPRegen  0.22/turn              (no ring)
MPRegen  0.11/turn              (no ring)

@: lethally poisoned (0 -> -21), berserk cooldown, slowed, very slow
A: retaliatory headbutt, horns 2
a: Berserk, Trog's Hand, Brothers in Arms, Renounce Religion


You were on level 8 of the Dungeon.
You worshipped Trog.
Trog was greatly pleased with you.
You were very hungry.

You visited 1 branch of the dungeon, and saw 8 of its levels.
You also visited: Ossuary.

You collected 333 gold pieces.

Inventory:

Hand Weapons
 a - a +0 falchion
 u - a +4 falchion of slicing (weapon)
Armour
 A - a +0 chain mail (worn)
Jewellery
 z - an uncursed ring of ice
Scrolls
 b - 9 scrolls of remove curse
 d - 2 scrolls of enchant armour
 e - 5 scrolls of identify {unknown}
 f - 5 scrolls of teleportation
 h - a scroll of magic mapping
 i - 2 scrolls of fog
 j - a scroll of summoning {unknown}
 w - a scroll of blinking {unknown}
Potions
 g - a potion of mutation {unknown}
 k - 4 potions of heal wounds {unknown}
 l - a potion of invisibility {unknown}
 m - 4 potions of curing {unknown}
 n - 3 potions of haste {unknown}
 o - 4 potions of degeneration {unknown}
 p - a potion of resistance {unknown}
 q - 2 potions of might {unknown}
 r - 2 potions of berserk rage {unknown}
 s - 3 potions of lignification {unknown}
 t - a potion of cancellation {unknown}
 v - a potion of magic {unknown}
 x - a potion of brilliance {unknown}
 B - a potion of ambrosia {unknown}
 C - a potion of agility {unknown}
Comestibles
 c - 14 rations


   Skills:
 - Level 3.6 Fighting
 + Level 17.6 Long Blades
 - Level 2.4 Armour
 - Level 2.1 Dodging


You had 9 spell levels left.
You didn't know any spells.

Dungeon Overview and Level Annotations

Branches:
Dungeon (8/15)             Temple (0/1) D:7
   Lair: D:8-11

Altars:
Fedhas
Okawaru
The Shining One

Shops:
D:7 (


Innate Abilities, Weirdness & Mutations

You reflexively headbutt those who attack you in melee.
You have a pair of horns on your head.


Message History

Unknown command.
You barely miss the death knight.
You kill the death knight!
Trog accepts your kill.
You are too berserk!
* * * LOW HITPOINT WARNING * * *
You feel sick.
You see here an arrow.
You feel a strong urge to attack something.
* * * LOW HITPOINT WARNING * * *
You feel sick.
You see here 2 arrows.
* * * LOW HITPOINT WARNING * * *
You feel sick.
You feel your anger nearly subside.
You are no longer berserk.
You are exhausted.
You feel yourself slow down.
* * * LOW HITPOINT WARNING * * *
You feel sick.
You die...

#.# #.#.#.##
#.### #.#.#.#.#
#.#.#.#.#.#.#.#
#O#.#.#.#.#.#+###
#.#.#.#.#.......
#)#.#(#........
#.((...#.......
+).###..........
##.# #@.........
... #........#
.#.# #....###.#
#.#.# #<...# #
#.# #....###...
#.# #.......#
#.#.###....
#.#...# .##
#.....# #


There were no monsters in sight!

Vanquished Creatures
  A two-headed ogre (D:7)
  A death knight (D:8)
  Pikel (D:5)
  Sigmund (D:4)
  A human (D:7)
  Eustachio (D:4)
  4 hogs (D:7)
  A hungry ghost (D:7)
  Menkaure (D:6)
  Duvessa (D:5)
  2 ice beasts (D:5)
  An orc warrior (D:6)
  4 slaves
  A phantom (D:6)
  2 ogres
  A centaur (D:8)
  A big kobold (D:7)
  Blork the orc (D:5)
  A bullfrog (D:6)
  Dowan (D:5)
  13 scorpions
  3 killer bees (D:7)
  A howler monkey (D:4)
  3 centaur zombies (Ossuary)
  4 crimson imps
  Crazy Yiuf (D:4)
  5 orc wizards
  A bullfrog skeleton (D:7)
  3 orc priests
  2 jellies
  Jessica (D:2)
  A centaur skeleton (D:7)
  An iguana (D:7)
  6 worker ants
  A killer bee zombie (D:3)
  A big kobold zombie (Ossuary)
  A hound skeleton (D:7)
  3 mummies
  3 scorpion zombies (Ossuary)
  5 adders
  A shadow imp (D:8)
  A worm (D:3)
  A dart slug (D:1)
  5 leopard geckos
  13 orcs
  8 bats
  4 giant cockroaches
  4 gnoll zombies (Ossuary)
  9 goblins
  3 hobgoblins
  7 jackals
  12 kobolds
  2 ball pythons
  4 frilled lizards
  A goblin zombie (Ossuary)
  3 kobold zombies (Ossuary)
  A leopard gecko skeleton (D:4)
  An orc zombie (Ossuary)
  A quokka zombie (D:5)
  7 rats
  A butterfly (D:7)
176 creatures vanquished.

Vanquished Creatures (others)
  A mummy (Ossuary)
  A hobgoblin zombie (Ossuary)
  An orc zombie (Ossuary)
3 creatures vanquished.

Grand Total: 179 creatures vanquished

Notes
Turn   | Place    | Note
-------+----------+-------------------------------------------
     0 | D:1      | GizzardofKazz the Minotaur Berserker began the quest for the Orb.
     0 | D:1      | Reached XP level 1. HP: 19/19 MP: 0/0
    21 | D:1      | Reached skill level 4 in Long Blades
   160 | D:1      | Reached XP level 2. HP: 24/26 MP: 1/1
   585 | D:1      | Reached ** piety under Trog
   603 | D:1      | Reached skill level 5 in Long Blades
   893 | D:2      | Reached XP level 3. HP: 30/31 MP: 2/2
  1047 | D:2      | Noticed Jessica
  1057 | D:2      | Killed Jessica
  1093 | D:2      | You fall through a shaft!
  1123 | D:3      | Reached skill level 6 in Long Blades
  1123 | D:3      | Reached XP level 4. HP: 35/39 MP: 3/3
  1271 | D:2      | Found a blossoming altar of Fedhas.
  1880 | D:3      | Found an iron altar of Okawaru.
  2150 | D:3      | Reached skill level 7 in Long Blades
  2150 | D:3      | Reached XP level 5. HP: 30/45 MP: 4/4
  2570 | D:4      | Noticed Sigmund
  2578 | D:4      | Killed Sigmund
  2578 | D:4      | Reached skill level 8 in Long Blades
  2578 | D:4      | Reached XP level 6. HP: 51/51 MP: 5/5
  2629 | D:4      | Reached skill level 9 in Long Blades
  2896 | D:4      | Reached XP level 7. HP: 54/57 MP: 6/6
  2999 | D:4      | Noticed Eustachio
  3010 | D:4      | Killed Eustachio
  3010 | D:4      | Reached skill level 10 in Long Blades
  3182 | D:4      | Found a runed door.
  3186 | D:4      | Noticed Crazy Yiuf
  3191 | D:4      | Killed Crazy Yiuf
  3332 | D:4      | Found a glowing golden altar of the Shining One.
  3335 | D:4      | Reached *** piety under Trog
  3543 | D:5      | Entered Level 5 of the Dungeon
  3543 | D:5      | Noticed Pikel
  3637 | D:5      | Killed Pikel
  3637 | D:5      | Reached skill level 11 in Long Blades
  3637 | D:5      | Reached XP level 8. HP: 64/64 MP: 7/7
  3645 | D:5      | Noticed Duvessa
  3678 | D:5      | Noticed Dowan
  3679 | D:5      | Killed Duvessa
  3679 | D:5      | Reached skill level 12 in Long Blades
  3690 | D:5      | Killed Dowan
  4344 | D:5      | Reached skill level 13 in Long Blades
  4527 | D:5      | Noticed Blork the orc
  4533 | D:5      | Killed Blork the orc
  4789 | D:6      | Found a sand-covered staircase.
  4798 | Ossuary  | Entered an ossuary
  4841 | Ossuary  | Reached XP level 9. HP: 67/70 MP: 8/8
  5126 | Ossuary  | Reached skill level 14 in Long Blades
  5205 | Ossuary  | Received a gift from Trog
  5391 | Ossuary  | Reached **** piety under Trog
  5817 | D:6      | Reached skill level 15 in Long Blades
  5840 | D:6      | Got a garnet-encrusted leather armour
  5851 | D:6      | Identified the +0 leather armour of Divine Compulsion {Str+2 Int+4} (You found it on level 6 of the Dungeon)
  6252 | D:6      | Noticed Menkaure
  6256 | D:6      | Killed Menkaure
  6518 | D:7      | Found Owyiw's Weapon Shop.
  6578 | D:7      | Found a staircase to the Ecumenical Temple.
  6593 | D:7      | Reached skill level 16 in Long Blades
  7025 | D:7      | Noticed a two-headed ogre
  7032 | D:7      | Killed a two-headed ogre
  7032 | D:7      | Reached XP level 10. HP: 77/77 MP: 9/9
  7117 | D:7      | Reached skill level 17 in Long Blades
  7543 | D:8      | Noticed a death knight
  7558 | D:8      | Killed a death knight
  7562 | D:8      | HP: 3/77 [poisoned by a death knight]
  7563 | D:8      | Succumbed to a death knight's poison

Vault maps used:
D:1:      tarquinn_simple_flora_water_c, nrook_mini_backslash
D:2:      old_standard_altar, uniq_jessica
D:3:      okawaru_trees_2
D:4:      nicolae_tso_carved_into_rock, uniq_sigmund, uniq_crazy_yiuf_cottage,
          uniq_eustachio
D:5:      first_ration, uniq_pikel, uniq_blork_the_orc, uniq_duvessa
D:6:      gup_ossuary_entry_pyramid, uniq_menkaure
D:7:      minmay_temple_entry_butterflies, serial_shops,
          nicolae_shop_behind_doors, grunt_livestock
D:8:      erik_lair_orcish_takeover, serial_shops, shop, zaba_anthole
Ossuary:  ossuary_minmay_scorpions

Skill      XL: |  1  2  3  4  5  6  7  8  9 10 |
---------------+-------------------------------+-----
Long Blades    | 4 5 6 7 8 9 11 13 16 17 | 17.6
Fighting       | |  3.6
Armour         | |  2.4
Dodging        | |  2.1

Action                   |  1- 3 |  4- 6 |  7- 9 | 10-12 || total
-------------------------+-------+-------+-------+-------++-------
Melee: Falchion          |    17 |       |   264 |    34 ||   315
       Headbutt          |    12 |    25 |    59 |     7 ||   103
       Short sword       |    44 |   112 |     6 |       ||   162
Invok: Berserk           |       |     2 |     8 |     2 ||    12
  Use: Scroll            |       |       |     8 |       ||     8
  Eat: Chunk             |     1 |     4 |    12 |     5 ||    22
       Ration            |       |     1 |     2 |       ||     3
Armor: Animal skin       |     3 |       |       |       ||     3
       Leather armour    |    19 |       |       |       ||    19
       Ring mail         |     4 |    24 |    36 |       ||    64
       Chain mail        |       |       |    36 |     7 ||    43
Dodge: Dodged            |    50 |    44 |    90 |    10 ||   194
       Rpst.: Falchion   |     5 |       |    25 |     3 ||    33

Table legend:
 A = Spawn XP
 B = Non-spawn XP
 C = Spawn XP percentage of total XP
 D = Spawn monster count
 E = Non-spawn monster count
 F = Spawn count percentage of total count
 G = Total turns spent on level
                    A         B        C        D         E        F      G
               +---------+---------+-------+---------+---------+-------+---------
         Total |       0 |    8286 |   0.0 |       0 |     171 |   0.0 |  7563
               +---------+---------+-------+---------+---------+-------+---------
           D:1 |       0 |      39 |   0.0 |       0 |      23 |   0.0 |   887
           D:2 |       0 |      63 |   0.0 |       0 |      10 |   0.0 |   741
           D:3 |       0 |     144 |   0.0 |       0 |      24 |   0.0 |   931
           D:4 |       0 |     803 |   0.0 |       0 |      16 |   0.0 |  1092
           D:5 |       0 |    1372 |   0.0 |       0 |      15 |   0.0 |  1065
           D:6 |       0 |    1024 |   0.0 |       0 |      21 |   0.0 |   722
           D:7 |       0 |    2799 |   0.0 |       0 |      30 |   0.0 |  1160
           D:8 |       0 |    1045 |   0.0 |       0 |       3 |   0.0 |    34
       Ossuary |       0 |     997 |   0.0 |       0 |      29 |   0.0 |   931
               +---------+---------+-------+---------+---------+-------+---------
